 Dungeon Crawl Stone Soup version 0.29.1-15-g9cfb28693d (webtiles) character file.

Game seed: 8633969216059834066

4928 Garmo the Grappler (level 10, -6/157 HPs)
             Began as a Troll Berserker on Mar 24, 2023.
             Was an Elder of Trog.
             Succumbed to an orange demon's poison
             ... on level 8 of the Dungeon.
             The game lasted 00:19:12 (7118 turns).

Garmo the Grappler (Troll Berserker)                Turns: 7118, Time: 00:19:12

Health: -6/157     AC:  4    Str: 27    XL:     10   Next: 27%
Magic:  0/9        EV: 14    Int:  7    God:    Trog [****..]
Gold:   627        SH:  0    Dex:  9    Spells: 9/9 levels left

rFire   . . .      SeeInvis .     - Unarmed
rCold   . . .      Faith    .   (no shield)
rNeg    . . .      Spirit   +   w - +0 robe
rPois   .          Reflect  .   (helmet restricted)
rElec   .          Harm     .   (no cloak)
rCorr   .          Rampage  .   (gloves unavailable)
Will    ++...                   (boots unavailable)
Stlth   ..........              v - amulet of guardian spirit
HPRegen 2.16/turn               u - +4 ring of evasion
MPRegen 0.11/turn               (no ring)

@: berserking, lethally poisoned (-6 -> -55), strong-willed, regenerating, very
quick
A: large, unfitting armour, claws 3, regeneration 1, shaggy fur 1, tough skin 1
a: Renounce Religion, Berserk, Trog's Hand, Brothers in Arms


You were on level 8 of the Dungeon.
You worshipped Trog.
Trog was greatly pleased with you.
You visited 1 branch of the dungeon, and saw 8 of its levels.
You also visited: Ossuary.

You collected 627 gold pieces.

Inventory:

Missiles
 b - 11 boomerangs (quivered)
 g - 82 stones
 j - 7 poisoned darts
 o - 2 atropa-tipped darts
 I - a throwing net {!f}
Armour
 w - a +0 robe (worn)
   (You took it off an orc wizard on level 3 of the Dungeon)
Jewellery
 p - a ring of ice
   (You found it on level 7 of the Dungeon)
 q - a ring of fire
   (You found it on level 3 of the Dungeon)
 u - a +4 ring of evasion (left claw)
   (You found it on level 3 of the Dungeon)
 v - an amulet of guardian spirit (around neck)
   (You found it on level 3 of the Dungeon)
Wands
 m - a wand of roots (19)
   (You found it on level 7 of the Dungeon)
 t - a wand of flame (14)
   (You took it off Ijyb on level 4 of the Dungeon)
 H - a wand of light (7)
   (You found it on level 7 of the Dungeon)
Scrolls
 c - a scroll of butterflies
 d - 3 scrolls of immolation {!r}
 e - a scroll of amnesia {unknown}
 f - a scroll of brand weapon
 h - 5 scrolls of teleportation {@r4}
 i - 2 scrolls of enchant weapon
 l - 3 scrolls of vulnerability {!r}
 n - a scroll of poison {!r}
 y - 2 scrolls of enchant armour {unknown}
 C - a scroll of blinking {unknown}
 D - a scroll of fear {unknown}
Potions
 a - a potion of ambrosia {unknown}
 k - 10 potions of curing {@q1}
 r - 2 potions of lignification {unknown}
 s - 5 potions of mutation {!q}
 x - 3 potions of might
 z - 2 potions of haste {@q3}
 A - 3 potions of attraction {!q}
 B - 2 potions of resistance {unknown}
 E - a potion of flight {unknown}
 F - a potion of magic {unknown}
 G - a potion of experience {unknown}
 J - a potion of heal wounds {unknown}


   Skills:
 * Level 8.3 Fighting
 + Level 2.2 Throwing
 - Level 2.4 Dodging
 - Level 12.0 Unarmed Combat


You had 9 spell levels left.
You didn't know any spells.
Your spell library was empty.

Dungeon Overview and Level Annotations

Branches:
Dungeon (8/15) Zot: 26341  Temple (0/1) D:7         Ossuary (visited)
   Lair: D:8-11

Altars:
Ashenzari
Cheibriados
Dithmenos
Elyvilon
Fedhas
Kikubaaqudgha
Makhleb
Nemelex Xobeh
Okawaru
Trog
Uskayaw
Vehumet

Shops:
D:2 *

Annotations:
D:8 Amaemon


Innate Abilities, Weirdness & Mutations

You are too large for most types of armour.
You have claws for hands.
Your natural rate of healing is unusually fast.
You are covered in fur. (AC +1)
You have tough skin. (AC +1)


Message History

You feel very sick. The scorpion misses you. Amaemon closely misses you. x3
The orange demon stings you from afar.
You are more poisoned.
The orange demon poisons you!
You barely miss Amaemon.
You feel very sick. The scorpion stings you.
* * * LOW HITPOINT WARNING * * *
You are more poisoned.
The scorpion poisons you! The scorpion misses you.
You closely miss Amaemon.
You feel very sick.
Amaemon hits you with a -2 demon whip of venom.
* * * LOW HITPOINT WARNING * * *
You are more poisoned.
Amaemon barely misses you. x2; The orange demon stings you from afar.
* * * LOW HITPOINT WARNING * * *
You barely miss Amaemon.
You feel very sick. The scorpion closely misses you. The scorpion stings you!
* * * LOW HITPOINT WARNING * * *
You completely miss Amaemon.
You feel very sick.
Amaemon hits you with a -2 demon whip of venom!
* * * LOW HITPOINT WARNING * * *
You are lethally poisoned!
Amaemon closely misses you. Amaemon tail-slaps you.
* * * LOW HITPOINT WARNING * * *
The orange demon stings you from afar.
* * * LOW HITPOINT WARNING * * *
You are more poisoned.
The orange demon poisons you!
Unknown command.
You are too berserk!
You closely miss Amaemon.
* * * LOW HITPOINT WARNING * * *
You feel extremely sick. The scorpion closely misses you.
The scorpion stings you.
* * * LOW HITPOINT WARNING * * *
You closely miss Amaemon. You claw Amaemon!!
* * * LOW HITPOINT WARNING * * *
You feel extremely sick.
Amaemon gestures wildly while chanting.
The orange demon stings you from afar!
* * * LOW HITPOINT WARNING * * *
The scorpion completely misses you.
The scorpion stings you but does no damage.
You closely miss Amaemon.
You die...

.'..#
#.##.#.......§§≈≈..PP...###
#####
#.####.####..)..≈..PP...... #
#.####.####..._.≈..PP..#### ####
#...............≈......# .#.#
#.####.####.....)......#
.#.####.####.# ##.##...>..###
.<.....)...>.## #.###......##
#######.#.....####4###).........
#.#####..s@s.....#.##.####
#.##...####6..##.#.# .#
#.##.......>s....#.# .#
#........##.s.#..#.# .#
#..#####.....##..#.##.# #..#
#.######........ #..#
#...z)o........# ##.#
#.######..#.#### #.#####.#
#..#.#


You could see Amaemon, an orange demon and 4 scorpions.

Vanquished Creatures
  A gargoyle (D:7)
  An unseen horror zombie (D:8)
  A troll (D:8)
  Prince Ribbit (D:5)
  Grinder (D:4)
  Sigmund (D:3)
  Eustachio (D:6)
  Menkaure (D:4)
  2 steam dragons
  Duvessa (D:4)
  A sky beast (D:7)
  2 water moccasins (D:6)
  A hornet zombie (D:8)
  3 black bears
  An orc warrior (D:7)
  An ogre (D:5)
  2 centaurs
  A kobold brigand (D:7)
  A phantom (D:6)
  A gnoll sergeant (D:6)
  A necrophage (D:7)
  4 scorpions
  Dowan (D:4)
  8 wights (D:8)
  A howler monkey (D:7)
  3 centaur zombies
  A hound (D:7)
  A human zombie (D:8)
  4 orc priests
  A gnoll bouda (D:5)
  Jessica (D:3)
  Ijyb (D:4)
  3 iguanas
  4 orc wizards
  A killer bee zombie (D:8)
  7 mummies
  A howler monkey zombie (D:8)
  9 gnolls
  10 adders
  4 white imps
  2 worms (D:4)
  4 dart slugs
  24 orcs
  4 ball pythons
  4 endoplasms
  7 goblins
  2 hobgoblins
  7 bats
  6 frilled lizards
  A gnoll zombie (Ossuary)
  3 hobgoblin zombies (Ossuary)
  12 kobolds
  A kobold zombie (Ossuary)
  2 orc zombies (Ossuary)
  7 rats
177 creatures vanquished.

Vanquished Creatures (others)
  A plant (D:2)
1 creature vanquished.

Grand Total: 178 creatures vanquished

Notes
Turn   | Place    | Note
-------+----------+-------------------------------------------
     0 | D:1      | Garmo the Troll Berserker began the quest for the Orb.
     0 | D:1      | Reached XP level 1. HP: 22/22 MP: 0/0
   399 | D:1      | Found a faded altar of an unknown god.
   777 | D:2      | Reached XP level 2. HP: 29/29 MP: 1/1
   957 | D:2      | Reached ** piety under Trog
   970 | D:2      | Found Fakk's Assorted Antiques.
  1109 | D:2      | Reached XP level 3. HP: 37/37 MP: 2/2
  1541 | D:3      | Noticed Jessica
  1548 | D:3      | Killed Jessica
  1549 | D:3      | Reached skill level 4 in Unarmed Combat
  1549 | D:3      | Reached XP level 4. HP: 22/45 MP: 3/3
  1780 | D:3      | Noticed Sigmund
  1789 | D:3      | Killed Sigmund
  1790 | D:3      | Reached skill level 5 in Unarmed Combat
  1790 | D:3      | Reached XP level 5. HP: 46/54 MP: 4/4
  1827 | D:3      | Found a snail-covered altar of Cheibriados.
  1928 | D:3      | Reached XP level 6. HP: 47/62 MP: 5/5
  2516 | D:4      | Noticed Duvessa
  2577 | D:4      | Killed Duvessa
  2578 | D:4      | Reached skill level 6 in Unarmed Combat
  2591 | D:4      | Noticed Dowan
  2606 | D:4      | Killed Dowan
  2658 | D:4      | Noticed Ijyb
  2664 | D:4      | Killed Ijyb
  2665 | D:4      | Reached XP level 7. HP: 66/71 MP: 6/6
  2977 | D:4      | Noticed Grinder
  2983 | D:4      | Noticed Menkaure
  2989 | D:4      | Killed Grinder
  2990 | D:4      | Reached skill level 7 in Unarmed Combat
  2993 | D:4      | Killed Menkaure
  2994 | D:4      | Reached skill level 5 in Fighting
  3187 | D:5      | Entered Level 5 of the Dungeon
  3189 | D:5      | Reached *** piety under Trog
  3233 | D:5      | Found a white marble altar of Elyvilon.
  3333 | D:5      | Reached skill level 8 in Unarmed Combat
  3333 | D:5      | Reached XP level 8. HP: 80/80 MP: 7/7
  3689 | D:5      | Found a radiant altar of Vehumet.
  3711 | D:5      | Noticed Prince Ribbit
  3716 | D:5      | Killed Prince Ribbit
  4269 | D:6      | Reached skill level 9 in Unarmed Combat
  4315 | D:6      | Noticed Eustachio
  4323 | D:6      | Killed Eustachio
  4635 | D:6      | Found a bloodstained altar of Trog.
  4742 | D:6      | Reached skill level 10 in Unarmed Combat
  4742 | D:6      | Reached XP level 9. HP: 83/91 MP: 4/8
  5283 | D:7      | Found a staircase to the Ecumenical Temple.
  5350 | D:7      | Found a blossoming altar of Fedhas.
  5446 | D:7      | Reached **** piety under Trog
  5452 | D:7      | Found a sand-covered staircase.
  5452 | D:7      | Noticed a gargoyle
  5460 | Ossuary  | Entered an ossuary
  5732 | D:7      | Killed a gargoyle
  5733 | D:7      | Reached skill level 11 in Unarmed Combat
  5760 | D:7      | Found a sparkling altar of Nemelex Xobeh.
  5806 | D:7      | Found a broken altar of Ashenzari.
  5946 | D:7      | Found an iron altar of Okawaru.
  6324 | D:7      | Found a burning altar of Makhleb.
  6465 | D:8      | Noticed a troll
  6482 | D:8      | Killed a troll
  6483 | D:8      | Reached skill level 12 in Unarmed Combat
  6640 | D:8      | Reached XP level 10. HP: 92/104 MP: 9/9
  6641 | D:8      | Found a shadowy altar of Dithmenos.
  6769 | D:8      | Reached skill level 1 in Throwing
  6823 | D:8      | Found a hide-covered altar of Uskayaw.
  6971 | D:8      | Found an ancient bone altar of Kikubaaqudgha.
  7100 | D:8      | Noticed Amaemon
  7103 | D:8      | Noticed an orange demon
  7117 | D:8      | HP: 1/157 [orange demon[Amaemon] (9)]
  7118 | D:8      | Succumbed to an orange demon's poison

Illustrated notes

Levels and vault maps discovered:
D:1:      eino_arrival_cavern_a, layout_basic,
          shapermc_ecumenical_altar_mp_urbaneastern
D:2:      layout_basic, serial_rivers, chequers_serial_rivers_room_a,
          chequers_serial_rivers_small_3, chequers_serial_rivers_small_b,
          chequers_serial_rivers_micro_d, chequers_serial_rivers_micro_c,
          serial_shops, nicolae_shop_overgrown_old_shop
D:3:      layout_loops_cross, kennysheep_slug_shrine, minmay_pentangle,
          uniq_sigmund, uniq_jessica
D:4:      layout_basic, uniq_ijyb, uniq_grinder, uniq_duvessa, uniq_menkaure
D:5:      layout_layer_cave, old_standard_altar, nicolae_overflow_hidden_temple,
          hex_large, uniq_prince_ribbit1
D:6:      layout_cave_pods, mainiacjoe_overflow_surrounded_room, uniq_eustachio
D:7:      layout_loops_cross, amcnicky_altar_gilded, mainiacjoe_overflow_paths,
          marbit_many_paths, mainiacjoe_overflow_small_starburst,
          kennysheep_mini_moat, minmay_temple_entry_drinking_statues,
          enter_ossuary_5
D:8:      layout_loops_ring, mainiacjoe_overflow_chevrons,
          grunt_dithmenos_smoke_and_mirrors,
          lemuel_mausoleum_altar_kikubaaqudgha, uniq_amaemon

Skill      XL: |  1  2  3  4  5  6  7  8  9 10 |
---------------+-------------------------------+-----
Fighting       | 3 4 5 6 7 8 |  8.3
Unarmed Combat | 4 5 6 8 10 12 | 12.0
Throwing       | 2 |  2.2
Dodging        | |  2.4

Action                   |  1- 3 |  4- 6 |  7- 9 | 10-12 || total
-------------------------+-------+-------+-------+-------++-------
Melee: Unarmed           |    94 |    85 |   235 |    82 ||   496
       Punch             |       |     2 |    11 |     4 ||    17
Invok: Trog's Hand       |       |     1 |     1 |     1 ||     3
       Berserk           |       |     1 |     2 |     1 ||     4
  Use: Scroll            |       |       |    13 |       ||    13
 Stab: Sleeping          |     1 |       |     1 |       ||     2
Armor: Animal skin       |    52 |     7 |       |       ||    59
       Robe              |       |     3 |    36 |     7 ||    46
Dodge: Dodged            |    71 |    47 |   128 |    46 ||   292
